 Dungeon Crawl Stone Soup version 0.31-a0-799-g6bc09d010c (console) character file.

Game seed: 9287138295964319770

1510418 questionabletactics the Impregnable (level 26, 261/261 HPs)
             Began as an Armataur Fighter on Sept 18, 2023.
             Was the Champion of Zin.
             Escaped with the Orb
             ... and 3 runes on Sept 19, 2023!
             The game lasted 04:15:34 (85462 turns).

questionabletactics the Impregnable (AtFi)         Turns: 85462, Time: 04:15:35

Health: 261/261    AC: 48    Str: 31    XL:     26   Next: 24%
Magic:  37/37      EV: 22    Int: 12    God:    Zin [******]
Gold:   5662       SH: 27    Dex: 25    Spells: 25/25 levels left

rFire   + + .        a - +10 trident {elec, Str+5 Dex+2}
rCold   . . .        C - +3 tower shield
rNeg    + + +        Z - +8 pearl dragon scales "Gaig" {rN+ Int+3}
rPois   .            S - +1 hat "Umiupehe" {Fly SInv}
rElec   +            L - +1 cloak of Starlight {*Dazzle EV+4 Stlth--}
rCorr   +            s - +3 pair of gloves "Cooshaam" {Slay+5}
SInv    +            p - +4 barding
Will    ++...        B - amulet "Esokowis" {rF+ Regen+} Stlth
                     e - ring "Plog" {rElec rN+ Dex+3}
HPRegen 1.43/turn    d - ring "Lapsaagi" {rF+ rN++ Will+ rCorr Str+3}
MPRegen 0.25/turn

%: roll
@: flying, studying Ranged Weapons
A: large, rugged brown scales 3, deformed body, armoured tail, roll, long
tongue, awkward tongue
0: Orb of Zot
}: 3/15 runes: serpentine, barnacled, silver
a: Renounce Religion, Recite, Vitalisation, Imprison, Sanctuary, Donate Gold


You escaped.
You worshipped Zin.
Zin was exalted by your worship.
You visited 11 branches of the dungeon, and saw 51 of its levels.
You visited the Abyss 2 times.
You also visited: Trove, Sewer, Volcano and Wizlab.

You collected 13329 gold pieces.
You spent 7293 gold pieces at shops.
You donated 374 gold pieces to Zin.

Inventory:

Hand Weapons
 a - the +10 trident "Puacaeg" (weapon) {elec, Str+5 Dex+2}
   (You found it on level 5 of the Lair of Beasts)

   Str+5:     It affects your strength (+5).
   Dex+2:     It affects your dexterity (+2).
Missiles
 n - 5 curare-tipped darts
 u - 3 throwing nets
Armour
 j - the +0 mask of the Dragon {Will+ Slay+3 SInv}
   (You found it in a treasure trove)

   Slay+3:    It affects your accuracy & damage with ranged weapons and melee
   (+3).
   Will+:     It increases your willpower.
   SInv:      It lets you see invisible.
 p - a +4 barding (worn)
 s - the +3 pair of gloves "Cooshaam" (worn) {Slay+5}
   (You took it off Nikola on level 2 of the Elven Halls)

   Slay+5:    It affects your accuracy & damage with ranged weapons and melee
   (+5).
 C - a +3 tower shield (worn)
 L - the +1 cloak of Starlight (worn) {*Dazzle EV+4 Stlth--}
   (You found it on level 5 of the Vaults)

   *Dazzle:   It may blind those who miss an attack against the wearer in melee
   combat.
   EV+4:      It affects your evasion (+4).
   Stlth--:   It makes you much less stealthy.
 S - the +1 hat "Umiupehe" (worn) {Fly SInv}
   (You found it on level 2 of the Depths)

   SInv:      It lets you see invisible.
   Fly:       It grants you flight.
 Z - the +8 pearl dragon scales "Gaig" (worn) {rN+ Int+3}
   (You bought it in a shop on level 2 of the Shoals)

   Int+3:     It affects your intelligence (+3).
   rN+:       It protects you from negative energy.
Jewellery
 d - the ring "Lapsaagi" (right hand) {rF+ rN++ Will+ rCorr Str+3}
   (You bought it in a shop on level 2 of the Orcish Mines)

   [ring of willpower]

   Str+3:     It affects your strength (+3).
   rF+:       It protects you from fire.
   rN++:      It greatly protects you from negative energy.
   Will+:     It increases your willpower.
   rCorr:     It protects you from acid and corrosion.
 e - the ring "Plog" (left hand) {rElec rN+ Dex+3}
   (You found it on level 3 of the Crypt)

   [ring of positive energy]

   Dex+3:     It affects your dexterity (+3).
   rElec:     It insulates you from electricity.
   rN+:       It protects you from negative energy.
 q - a ring of protection from cold
 v - the ring "Zaduadd" {Fire Will++ Dex+3}
   (You found it in a wizard's laboratory)

   [ring of fire]

   Fire:      It enhances your fire magic.
   Dex+3:     It affects your dexterity (+3).
   rF+:       It protects you from fire.
   rC-:       It makes you vulnerable to cold.
   Will++:    It greatly increases your willpower.
 x - the ring "Kirudiym" {rF+ rC+ Will+ Slay-3}
   (You found it on level 5 of the Dungeon)

   [ring of protection from fire]

   Slay-3:    It affects your accuracy & damage with ranged weapons and melee
   (-3).
   rF+:       It protects you from fire.
   rC+:       It protects you from cold.
   Will+:     It increases your willpower.
 z - a ring of poison resistance
 B - the amulet "Esokowis" (around neck) {rF+ Regen+}
   (You found it on level 3 of the Crypt)

   [amulet of regeneration]

   rF+:       It protects you from fire.
   Regen+:    It increases your rate of health regeneration.
 E - a +5 ring of evasion
 F - a +5 ring of evasion
 O - the ring of Shadows {Umbra +Inv Stlth+}
   (You took it off an orc warlord on level 11 of the Dungeon)

   [ring of stealth]

   Umbra:     It surrounds you with an aura of shadow, increasing your stealth
   and reducing the accuracy of all others within it.
   +Inv:      It lets you turn invisible.
   Stlth+:    It makes you more stealthy.
 X - the ring "Sokiatah" {Fire rElec rPois}
   (You took it off a fire giant in a wizard's laboratory)

   [ring of fire]

   Fire:      It enhances your fire magic.
   rF+:       It protects you from fire.
   rC-:       It makes you vulnerable to cold.
   rElec:     It insulates you from electricity.
   rPois:     It protects you from poison
Wands
 l - a wand of roots (24)
 w - a wand of flame (81)
 y - a wand of acid (13)
 D - a wand of mindburst (30)
 T - a wand of paralysis (32)
 Y - a wand of digging (10)
Scrolls
 c - 4 scrolls of vulnerability
 f - 6 scrolls of teleportation
 o - 6 scrolls of fog
 H - 2 scrolls of fear
 I - 5 scrolls of butterflies
 J - 2 scrolls of blinking
 N - 2 scrolls of silence
 Q - 2 scrolls of revelation
Potions
 b - a potion of cancellation
 g - 2 potions of haste
 h - 4 potions of berserk rage
 i - 4 potions of ambrosia
 k - 5 potions of enlightenment
 m - 13 potions of might
 r - 3 potions of magic
 G - 3 potions of resistance
 K - 6 potions of heal wounds
 M - 2 potions of invisibility
 P - 14 potions of curing
 W - 5 potions of mutation
Miscellaneous
 A - a condenser vane
 R - a phial of floods
 U - a phantom mirror (inert)
 V - a lightning rod (4/4)


   Skills:
 + Level 21.0 Fighting
 - Level 12.1 Maces & Flails
 - Level 14.0 Polearms
 + Level 24.4 Armour
 - Level 15.5 Dodging
 - Level 19.0 Shields
 - Level 21.0 Invocations
 - Level 4.0 Evocations


You had 25 spell levels left.
You didn't know any spells.
Your spell library contained the following spells:

 Spells                   Type           Power      Damage    Failure   Level
 Foxfire                  Conj/Fire      0%         2x1d4     63%         1
 Kiss of Death            Conj/Necr      0%         2d5       63%         1
 Magic Dart               Conj           0%         1d3       63%         1
 Sandblast                Erth           0%         2d4       63%         1
 Shock                    Conj/Air       0%         1d3       63%         1
 Sting                    Tmut/Pois      0%         1d3       63%         1
 Summon Small Mammal      Summ           0%         N/A       63%         1
 Cigotuvi's Dreadful Rot  Necr/Pois/Air  0%         N/A       77%         2
 Passwall                 Tmut/Erth      0%         N/A       77%         2
 Poisonous Vapours        Pois/Air       0%         N/A       77%         2
 Searing Ray              Conj           0%         2d4       77%         2
 Sublimation of Blood     Necr           0%         N/A       77%         2
 Call Canine Familiar     Summ           0%         N/A       94%         3
 Confusing Touch          Hex            0%         N/A       94%         3
 Dazzling Flash           Conj/Hex       0%         N/A       94%         3
 Frozen Ramparts          Ice            0%         1d1       94%         3
 Hailstorm                Conj/Ice       0%         3d3       94%         3
 Ignite Poison            Fire/Tmut/Pois 0%         N/A       94%         3
 Inner Flame              Hex/Fire       0%         N/A       94%         3
 Stone Arrow              Conj/Erth      0%         3d7       94%         3
 Summon Guardian Golem    Hex/Summ       0%         N/A       94%         3
 Swiftness                Air            0%         N/A       94%         3
 Tukima's Dance           Hex            0%         N/A       94%         3
 Vampiric Draining        Necr           0%         2d6       94%         3
 Airstrike                Air            0%         2d(0-16)  100%        4
 Anguish                  Hex/Necr       0%         N/A       100%        4
 Animate Dead             Necr           0%         N/A       100%        4
 Brom's Barrelling Bould  Conj/Erth      0%         2d3       100%        4
 Cause Fear               Hex            0%         N/A       100%        4
 Dispel Undead            Necr           0%         3d6       100%        4
 Flame Wave               Conj/Fire      0%         2d4       100%        4
 Fulminant Prism          Conj/Hex       0%         3d5       100%        4
 Leda's Liquefaction      Hex/Erth       0%         N/A       100%        4
 Olgreb's Toxic Radiance  Pois           0%         N/A       100%        4
 Passage of Golubria      Tloc           0%         N/A       100%        4
 Petrify                  Tmut/Erth      0%         N/A       100%        4
 Sticky Flame             Conj/Fire      0%         2d3       100%        4
 Summon Ice Beast         Ice/Summ       0%         N/A       100%        4
 Vhi's Electric Charge    Tloc/Air       0%         N/A       100%        4
 Agony                    Necr           0%         N/A       100%        5
 Arcjolt                  Conj/Air       0%         1d10      100%        5
 Borgnjor's Vile Clutch   Necr/Erth      0%         N/A       100%        5
 Fireball                 Conj/Fire      0%         3d3       100%        5
 Irradiate                Conj/Tmut      0%         3d11      100%        5
 Iskenderun's Battlesphe  Conj           0%         2d6       100%        5
 Lee's Rapid Deconstruct  Erth           0%         3d4*      100%        5
 Metabolic Englaciation   Hex/Ice        0%         N/A       100%        5
 Silence                  Hex/Air        0%         N/A       100%        5
 Yara's Violent Unravell  Hex/Tmut       0%         3d3       100%        5
 Conjure Ball Lightning   Conj/Air       0%         3x3d6     100%        6
 Leda's Unmaking          Conj/Erth      0%         9d1       100%        6
 Plasma Beam              Fire/Air       0%         2x1d10    100%        6
 Simulacrum               Ice/Necr       0%         N/A       100%        6
 Starburst                Conj/Fire      0%         6d3       100%        6
 Enfeeble                 Hex            0%         N/A       100%        7
 Orb of Destruction       Conj           0%         9d5       100%        7
 Spellforged Servitor     Conj/Summ      0%         N/A       100%        7
 Discord                  Hex            0%         N/A       100%        8
 Disjunction              Tloc           0%         N/A       100%        8
 Ignition                 Fire           0%         3d3       100%        8
 Infestation              Necr           0%         N/A       100%        8
 Lehudib's Crystal Spear  Conj/Erth      0%         10d2      100%        8
 Maxwell's Capacitive Co  Air            0%         ∞         100%        8
 Dragon's Call            Summ           0%         N/A       100%        9


Dungeon Overview and Level Annotations

Branches:
Dungeon (15/15)            Temple (1/1) D:4            Lair (5/5) D:9
 Shoals (4/4) Lair:2        Snake (4/4) Lair:3        Slime (0/5) Lair:4
    Orc (2/2) D:10            Elf (3/3) Orc:2        Vaults (5/5) D:14
  Crypt (3/3) Vaults:3       Tomb (0/3) Crypt:3      Depths (4/4) D:15
    Zot (5/5) Depths:4      Sewer (visited)         Volcano (visited)
 WizLab (visited)

Altars:
Ashenzari
Cheibriados
Dithmenos
Elyvilon
Fedhas
Gozag
Hepliaklqana
Kikubaaqudgha
Makhleb
Nemelex Xobeh
Okawaru
Qazlal
Ru
Sif Muna
Trog
Uskayaw
Vehumet
Wu Jian
Xom
Yredelemnul
Zin
The Shining One
Jiyva
Lugonu

Shops:
D:7 [   D:12 *   Orc:2 ?=[=(   Shoals:1 (   Shoals:2 [   Shoals:4 **:*
Snake:2 *:   Vaults:2 (   Vaults:3 *

Portals:
Hell: Depths:1 Depths:2 Depths:3 Depths:4
Abyss: Depths:2 Depths:3
Pandemonium: Depths:1 Depths:2
Ziggurat: Depths:1

Annotations:
D:2 Sigmund
Snake:3 Roxanne
Snake:4 6 transporters
Vaults:2 3 runed translucent doors, quinnr's ghost, adept TeAE
Vaults:4 exclusion: 2 doors
Depths:1 exclusion: dread lich


Innate Abilities, Weirdness & Mutations

You are completely covered in rugged brown scales. (AC +3, +7% HP)
Armour fits poorly on your strangely shaped body.
You have a long armoured tail.
You roll when moving toward enemies. (Rampage)
Your long tongue fully drains potion bottles. (2x potion effects)
Your tongue gives you trouble enunciating. (1.5x scroll delay)


Message History

The Orb Guardian is severely wounded.
You block the Orb Guardian's attack.
You impale the Orb Guardian!!
You kill the Orb Guardian!
Your Fighting skill increases to level 21!
No target in view!
(D) Dungeon (T) Temple (L) Lair (A) Shoals (P) Snake Pit (M) Slime Pits (O) Orcish Mines (E) Elven Halls (V) Vaults (C) Crypt (W) Tomb (U) Depths (H) Hell (Z) Zot
Where to? (Tab/Enter - D:2 @ (x,y), ? - help) HP restored.
A tormentor comes into view.
Activating: Recite (0% risk of failure)
Press: ? - help, Dir - look around, f - activate You clear your throat and prepare to recite. "And lo, the wrath of Zin did find..."
The tormentor is turned into a pillar of salt by the wrath of Zin!
You kill the tormentor!
You hear a shout! "...them wherever they hid, and the hordes of the Abyss..." "...were purified for their chaos!"
You finish reciting Abominations 15:1.
There is a stone staircase leading up here.
You fly upwards.
There is a stone staircase leading down, spattered with blood here.
A neqoxec comes into view.
You reach to attack!
You impale the neqoxec!!
You kill the neqoxec!
Zin accepts your kill.
No target in view!
(D) Dungeon (T) Temple (L) Lair (A) Shoals (P) Snake Pit (M) Slime Pits (O) Orcish Mines (E) Elven Halls (V) Vaults (C) Crypt (W) Tomb (U) Depths (H) Hell (Z) Zot
Where to? (Tab/Enter - D:1 @ (x,y), ? - help)
You are ready to recite again.
There is a dry fountain here.
There is a staircase leading out of the dungeon here.
You have escaped!

# ###........).............### #
##....#.####.####.####.##...##
###..###...##...##...##...###..#
..#.## #.⌠.##.⌠.##.⌠.##.⌠.# ##.#
###.####...##...##...##...####.#
#...###.####.####.####.###...#
###.⌠.###.####.####.####.###.⌠.#
..#............................#
####.##.........@..........##.##
#............................#
###.⌠.###.####.####.####.###.⌠.#
..#...###.####.####.####.###...#
###.####...##...##...##...####.#
#.## #.⌠.##.⌠.##.⌠.##.⌠.# ##.#
#..###...##...##...##...###..#
##...##.####.####.####.##...##
###......................###


There were no monsters in sight!

Vanquished Creatures
  5 dread liches
  Khufu (Crypt:2)
  An ancient lich (Zot:5)
  2 orbs of fire (Zot:5)
  A juggernaut (Depths:4)
  A royal mummy (Crypt:3)
  Boris (Depths:2)
  5 Killer Klowns (Zot:5)
  Margery (Vaults:5)
  6 golden dragons
  Nikola (Elf:2)
  A profane servitor (Crypt:3)
  A bone dragon (Crypt:3)
  3 electric golems
  A hellephant (Depths:2)
  Jorgrun (D:12)
  10 tentacled monstrosities
  29 Orb Guardians
  A deep elf blademaster (Elf:3)
  A walking earthen tome (Depths:1)
  Zenata (Crypt:1)
  8 liches
  3 quicksilver dragons
  3 sphinxes
  2 deep elf master archers (Elf:3)
  3 titans
  A kraken (Shoals:1)
  4 death cobs
  An ancient champion (Crypt:3)
  9 tengu reavers
  2 draconian monks
  5 revenants
  10 storm dragons
  Frances (Elf:1)
  10 shadow dragons
  6 nagarajas (Snake:4)
  17 fire giants
  16 frost giants
  13 deep elf sorcerers
  A ghost moth (Zot:5)
  17 vault wardens
  3 deep elf elementalists (Elf:3)
  3 draconian scorchers
  2 curse skulls (Crypt:1)
  3 draconian stormcallers
  19 ironbound preservers
  2 demonspawn corrupters
  5 war gargoyles
  2 orc warlords
  A ghoul (Crypt:3)
  5 draconian annihilators
  3 formless jellyfish
  16 ironbound thunderhulks
  19 stone giants
  27 very ugly things
  19 vampire knights
  6 green draconians
  A juggernaut skeleton (Depths:2)
  A stone giant (shapeshifter) (D:11)
  6 black draconians
  2 white draconians
  7 purple draconians
  6 deep elf demonologists
  7 spark wasps
  5 red draconians
  8 deep elf annihilators
  18 dire elephants
  8 yellow draconians
  22 ettins
  6 deep elf death magi
  Snorg (D:14)
  6 crystal guardians
  4 eidola
  A merfolk javelineer (Shoals:3)
  A green death (Depths:1)
  A blizzard demon (Depths:1)
  2 mummy priests (Crypt:3)
  3 fire dragons
  8 merfolk impalers
  12 yaktaur captains
  6 deep elf high priests
  An entropy weaver (shapeshifter) (D:11)
  15 jiangshi
  4 rakshasas
  8 ice dragons
  A shambling mangrove (Abyss:3)
  35 vault guards
  8 great orbs of eyes
  4 salamander tyrants
  A fenstrider witch zombie (Crypt:1)
  Erolcha (D:12)
  4 hydras
  10 peacekeepers
  5 two-headed ogres
  A bennu zombie (Crypt:2)
  7 anacondas
  2 ogre magi (Vaults:5)
  2 merfolk aquamancers (Shoals:4)
  A catoblepas (D:13)
  Erica (D:8)
  3 ironbound frosthearts
  4 merfolk avatars
  4 alligator snapping turtles
  7 death knights
  A sphinx skeleton (Depths:2)
  20 centaur warriors
  A fenstrider witch skeleton (Crypt:1)
  6 boulder beetles
  5 deep troll shamans
  5 death yaks
  2 satyrs
  5 orc high priests (Orc:2)
  6 tengu warriors
  2 deep troll earth magi
  8 naga warriors
  3 thrashing horrors (Abyss:3)
  19 dancing weapons
  5 vampire magi
  7 hell hogs (Depths:2)
  Urug (Lair:1)
  3 shock serpents
  A spriggan berserker (Depths:1)
  11 naga sharpshooters
  16 hell knights
  12 deep elf knights
  A titan skeleton (Crypt:1)
  2 soul eaters (Crypt:1)
  Nergalle (D:12)
  4 iron trolls
  A wretched star (Abyss:3)
  A fire crab (D:11)
  5 skysharks
  A storm dragon skeleton (Depths:2)
  A storm dragon zombie (Depths:2)
  5 salamander mystics
  A sixfirhy (Depths:1)
  A golden dragon zombie (Crypt:2)
  8 shadow wraiths
  37 skeletal warriors
  A goliath frog (shapeshifter) (Vaults:3)
  12 sea snakes
  5 flayed ghosts
  An anaconda zombie (Crypt:1)
  2 glowing orange brains (Depths:1)
  56 deep trolls
  Lodul (D:14)
  A shadow dragon zombie (Depths:2)
  A shadow demon (Depths:4)
  13 lindwurms (Vaults:1)
  A swamp dragon (shapeshifter) (D:14)
  17 harpies
  17 ironbound convokers
  31 deep elf zephyrmancers
  7 naga ritualists
  A stone giant zombie (Depths:2)
  15 necromancers
  2 large abominations
  18 wizards
  16 deep elf archers
  32 deep elf pyromancers
  54 ugly things
  9 mana vipers
  A tengu zombie (Depths:2)
  14 orc knights
  11 phantasmal warriors
  A wolf spider (D:15)
  5 fauns
  13 manticores
  A shadow dragon skeleton (Depths:2)
  A spectral ettin (Crypt:3)
  3 tengu skeletons
  An orc sorcerer (Orc:1)
  14 salamanders
  2 fire giant skeletons (Depths:2)
  2 worldbinders (Abyss:3)
  A frost giant skeleton (Depths:2)
  An iron dragon skeleton (Depths:2)
  10 moths of wrath
  2 moths of wrath (shapeshifter) (Depths:1)
  15 cyclopes
  A spectral centaur (Crypt:3)
  14 elephants
  A centaur zombie (Crypt:1)
  A dire elephant zombie (Crypt:1)
  7 merfolk sirens
  22 naga magi
  22 vault sentinels
  A rust devil (Depths:1)
  32 black mambas
  A smoke demon (Abyss:3)
  A naga zombie (Crypt:1)
  11 water nymphs
  9 cane toads
  11 gargoyles
  Jeremiah (D:7)
  A shock serpent skeleton (Crypt:1)
  4 molten gargoyles (Volcano)
  2 unseen horrors
  A hellion (Depths:1)
  5 freezing wraiths
  8 komodo dragons
  A kobold demonologist (D:9)
  5 tengu conjurers
  A tormentor (D:2)
  3 rime drakes
  20 yaktaurs
  3 efreet
  7 guardian mummies (Crypt:3)
  An alligator snapping turtle skeleton (Crypt:2)
  A human skeleton (Vaults:4)
  A yaktaur skeleton (Vaults:4)
  2 harpy zombies
  A red devil (Depths:1)
  6 trolls
  27 merfolk
  4 polar bears
  A hellwing (Depths:1)
  A harpy skeleton (Crypt:1)
  3 hornets
  A tengu simulacrum (Vaults:1)
  12 blink frogs
  7 wind drakes
  4 spriggan zombies
  Prince Ribbit (D:5)
  An air elemental (Elf:2)
  25 dream sheep
  A meliai zombie (Crypt:2)
  A dream sheep (shapeshifter) (Vaults:4)
  9 snapping turtles
  51 flying skulls
  A centaur simulacrum (D:11)
  A slime creature (shapeshifter) (Vaults:5)
  29 slime creatures
  A ynoxinul (Abyss:3)
  10 wraiths
  5 shadows
  14 water elementals
  An elf zombie (Vaults:4)
  29 yaks
  A vampire (D:11)
  A golden eye (Abyss:3)
  7 wyverns
  Grum (D:10)
  6 basilisks
  A naga simulacrum (Crypt:2)
  A redback (shapeshifter) (Vaults:3)
  3 steam dragons (Lair:5)
  10 vampire mosquitoes
  Menkaure (D:7)
  A neqoxec (D:1)
  69 nagas
  A harpy simulacrum (Crypt:2)
  2 acid dragons
  The ghost of Aneyh the Shooter, an amateur TeHu (D:3)
  13 water moccasins
  Duvessa (D:5)
  2 glowing shapeshifter skeletons (Depths:2)
  37 orc warriors
  A floating eye (Depths:1)
  A sky beast (D:7)
  An ice beast (D:5)
  5 black bears
  A deep troll simulacrum (Vaults:3)
  A black bear (shapeshifter) (Elf:3)
  11 wolves
  15 ogres
  5 boggarts
  7 centaurs
  A kobold brigand (D:10)
  A salamander zombie (Crypt:2)
  Blork the orc (D:5)
  4 necrophages (Crypt:3)
  17 bullfrogs
  5 scorpions
  3 small abominations (Crypt:3)
  7 earth elementals
  5 wights (D:9)
  Dowan (D:5)
  A raiju zombie (Crypt:1)
  A queen bee zombie (Crypt:1)
  9 killer bees (D:7)
  A raiju skeleton (Crypt:2)
  An electric eel (D:10)
  4 howler monkeys
  3 lava snakes (Lair:3)
  A hound (D:5)
  4 jellies
  25 orc priests
  2 sleepcaps
  3 gnoll boudas (D:6)
  Terence (D:2)
  Jessica (D:2)
  Natasha (thrice) (D:1)
  2 iguanas
  Ijyb (D:5)
  5 orc wizards (Orc:2)
  2 lightning spires (WizLab)
  A boggart skeleton (Crypt:1)
  4 mummies
  9 gnolls
  11 adders
  A river rat (Sewer)
  A shadow imp (D:6)
  A white imp (D:5)
  An ufetubus (Abyss:3)
  A lava snake skeleton (Crypt:2)
  6 worms
  3 dart slugs
  48 orcs
  3 bats
  19 endoplasms
  10 giant cockroaches
  4 goblins
  6 hobgoblins
  14 jackals
  6 quokkas
  7 ball pythons
  A dart slug zombie (Crypt:2)
  8 frilled lizards
  12 kobolds
  2 kobold zombies (D:7)
  3 orc zombies
  5 rats
  A rat skeleton (Crypt:1)
  4 tentacles (Shoals:1)
2193 creatures vanquished.

Vanquished Creatures (collateral kills)
  A curse toe (Zot:5)
  An orc warlord (D:11)
  An ironbound preserver (Vaults:2)
  A war gargoyle (Vaults:4)
4 creatures vanquished.

Vanquished Creatures (others)
  A demonspawn blood saint (D:15)
  A merfolk aquamancer (Shoals:4)
  A dancing weapon (Elf:2)
  A shadow demon (D:15)
  A deep elf zephyrmancer (Elf:1)
  3 deep elf pyromancers
  3 wizards
  2 spectral weapons
  41 tentacles (Shoals:1)
54 creatures vanquished.

Grand Total: 2251 creatures vanquished

Notes
Turn   | Place    | Note
-------+----------+-------------------------------------------
     0 | D:1      | questionabletactics the Armataur Fighter began the quest
                  | for the Orb.
     0 | D:1      | Reached XP level 1. HP: 19/19 MP: 1/1
    76 | D:1      | You fall into a shaft and drop 1 floor!
   156 | D:2      | Reached XP level 2. HP: 26/26 MP: 2/2
   159 | D:2      | Noticed Sigmund
   164 | D:2      | Noticed Natasha
   178 | D:1      | Killed Natasha
   179 | D:1      | Reached XP level 3. HP: 12/32 MP: 3/3
   635 | D:1      | Noticed Natasha
   791 | D:2      | Noticed Jessica
   793 | D:2      | Reached skill level 4 in Armour
   793 | D:2      | Reached XP level 4. HP: 37/39 MP: 4/4
   929 | D:1      | Killed Natasha
  1018 | D:1      | Found a faded altar of an unknown god.
  1023 | D:1      | Prayed at the altar of an unknown god.
  1023 | D:1      | Became a worshipper of Zin the Law-Giver
  1023 | D:1      | Reached * piety under Zin
  1084 | D:1      | Noticed Natasha
  1092 | D:1      | Killed Natasha
  1207 | D:2      | Reached skill level 1 in Invocations
  1504 | D:2      | Reached ** piety under Zin
  1600 | D:2      | Noticed Terence
  1611 | D:2      | Killed Terence
  1612 | D:2      | Reached XP level 5. HP: 44/44 MP: 4/6
  2029 | D:3      | Found a runed translucent gate.
  2029 | D:3      | Found a runed translucent gate.
  2030 | D:3      | Found a runed translucent gate.
  2031 | D:3      | Noticed Aneyh's ghost (amateur TeHu)
  2574 | D:2      | Killed Jessica
  2718 | D:4      | Reached XP level 6. HP: 52/53 MP: 7/7
  2980 | D:4      | Found a glowing drain.
  3007 | D:4      | Reached skill level 5 in Maces & Flails
  3014 | Sewer    | Entered a sewer
  3178 | Sewer    | Reached XP level 7. HP: 48/60 MP: 8/10
  3246 | Sewer    | Found a viscous altar of Jiyva.
  3363 | D:4      | Found a staircase to the Ecumenical Temple.
  3372 | Temple   | Entered the Ecumenical Temple
  4009 | D:5      | Entered Level 5 of the Dungeon
  4041 | D:5      | Noticed Blork the orc
  4048 | D:5      | Noticed Prince Ribbit
  4256 | D:5      | Killed Prince Ribbit
  4348 | D:5      | Found an opulent altar of Gozag.
  4432 | D:5      | Reached XP level 8. HP: 71/71 MP: 11/11
  4459 | D:5      | Identified the ring "Kirudiym" {rF+ rC+ Will+ Slay-3}
  4499 | D:5      | Noticed Ijyb
  4504 | D:5      | Killed Ijyb
  4518 | D:5      | Reached skill level 5 in Fighting
  4575 | D:5      | Killed Blork the orc
  4805 | D:5      | Noticed Duvessa
  4841 | D:5      | Noticed Dowan
  4844 | D:5      | Killed Duvessa
  4845 | D:5      | Reached skill level 5 in Armour
  4848 | D:5      | Killed Dowan
  5101 | D:6      | Reached skill level 6 in Armour
  5640 | D:6      | Reached skill level 7 in Armour
  5640 | D:6      | Reached XP level 9. HP: 83/83 MP: 12/12
  5993 | D:7      | Found Nackips's Antique Armour Emporium.
  5998 | D:7      | Noticed Menkaure
  6003 | D:7      | Killed Menkaure
  6254 | D:7      | Noticed Jeremiah
  6429 | D:7      | Reached *** piety under Zin
  6486 | D:7      | Reached skill level 5 in Invocations
  6639 | D:7      | HP: 4/83 [killer bee (5)]
  7210 | D:7      | Found a glowing golden altar of the Shining One.
  7397 | D:8      | Noticed a two-headed ogre
  7659 | D:8      | Noticed Erica
  7672 | D:8      | Reached skill level 1 in Evocations
  7713 | D:8      | Reached XP level 10. HP: 10/89 MP: 14/14
  8101 | D:8      | Killed a two-headed ogre
  8556 | D:8      | Found a bloodstained altar of Trog.
  8558 | D:8      | Noticed a wizard
  8564 | D:8      | Killed a wizard
  8639 | D:8      | Noticed a rust devil
  8639 | D:8      | Noticed a rust devil
  8762 | D:9      | Reached skill level 8 in Armour
  8928 | D:9      | Found a staircase to the Lair.
  9456 | D:10     | Entered Level 10 of the Dungeon
  9649 | D:10     | Reached skill level 9 in Armour
  9996 | D:10     | Noticed Grum
 10006 | D:10     | Reached skill level 10 in Maces & Flails
 10017 | D:10     | Killed Grum
 10272 | D:10     | Found a snail-covered altar of Cheibriados.
 10295 | D:10     | Reached skill level 10 in Armour
 10320 | D:10     | Found an ornate altar of the Wu Jian Council.
 10359 | D:10     | Found a staircase to the Orcish Mines.
 10582 | Lair:1   | Entered Level 1 of the Lair of Beasts
 10741 | D:7      | Bought a bloodstained chain mail for 266 gold pieces
 10741 | D:7      | Identified the +4 chain mail "Kucaryom" {rF+ Stlth+} (You
                  | bought it in a shop on level 7 of the Dungeon)
 11037 | Lair:1   | Reached XP level 11. HP: 93/98 MP: 15/15
 11093 | Lair:1   | Noticed Urug
 11414 | Lair:1   | Killed Urug
 11749 | Lair:1   | Reached **** piety under Zin
 11800 | Lair:1   | Reached skill level 5 in Shields
 12894 | Lair:2   | Noticed a six-headed hydra
 13198 | Lair:2   | Found a staircase to the Shoals.
 13825 | Lair:3   | Found a dark tunnel.
 13830 | Volcano  | Entered a volcano
 14574 | Volcano  | Reached XP level 12. HP: 111/111 MP: 18/18
 14602 | Volcano  | Noticed an orb of fire
 14668 | Volcano  | Reached skill level 11 in Armour
 14785 | Volcano  | Noticed a red draconian
 14810 | Volcano  | Killed a red draconian
 14996 | Volcano  | Noticed an orb of fire
 15526 | Lair:3   | Reached skill level 10 in Invocations
 15808 | Lair:3   | Found a staircase to the Snake Pit.
 16001 | Lair:3   | Noticed a five-headed hydra
 16638 | Lair:3   | Identified the +1 robe of Qaatif {*Slow Str-3 Dex+9 SInv}
 17030 | Lair:3   | Identified the +3 leather armour of Okawaru, Cursing
                  | {Rampage rF++ rN+ Stlth-}
 17358 | Lair:3   | Reached skill level 12 in Armour
 17632 | Lair:4   | Noticed a death yak
 17632 | Lair:4   | Noticed a death yak
 17792 | Lair:4   | Noticed a death yak
 17792 | Lair:4   | Noticed a death yak
 17997 | Lair:4   | Reached XP level 13. HP: 73/118 MP: 20/20
 18336 | Lair:4   | Reached skill level 13 in Armour
 18577 | Lair:5   | Entered Level 5 of the Lair of Beasts
 18749 | Lair:5   | Reached ***** piety under Zin
 19474 | Lair:4   | Reached skill level 14 in Armour
 20718 | Lair:5   | Reached skill level 10 in Fighting
 20918 | Lair:5   | Identified the +10 trident "Puacaeg" {elec, Str+5 Dex+2}
 21443 | Lair:3   | Reached skill level 1 in Polearms
 21998 | Lair:4   | Found a viscous altar of Jiyva.
 21999 | Lair:4   | Found a staircase to the Slime Pits.
 22105 | Lair:4   | Reached XP level 14. HP: 125/129 MP: 23/23
 23415 | D:11     | Reached skill level 5 in Polearms
 24675 | D:11     | Identified a scroll of acquirement
 24726 | D:11     | Acquired 882 gold pieces
 24740 | D:11     | Noticed an orc warlord
 24917 | Orc:1    | Entered Level 1 of the Orcish Mines
 25021 | Orc:1    | Reached ****** piety under Zin
 25161 | Orc:2    | Entered Level 2 of the Orcish Mines
 25292 | Orc:2    | Found Yzepeng's Weapon Boutique.
 25483 | Orc:2    | Found a staircase to the Elven Halls.
 25965 | Orc:2    | Noticed an orc warlord
 26222 | Orc:2    | Paralysed by an orc sorcerer for 4 turns
 26795 | Orc:2    | Killed an orc warlord
 28924 | Orc:2    | Found Zugigu Koing's Armour Emporium.
 28924 | Orc:2    | Found Orchis's Jewellery Emporium.
 28925 | Orc:2    | Found Gaytsef's Magic Scroll Emporium.
 28925 | Orc:2    | Found Sionnief's Jewellery Shoppe.
 28933 | Orc:2    | Bought a scroll of enchant armour for 135 gold pieces
 28933 | Orc:2    | Bought a scroll of teleportation for 54 gold pieces
 28933 | Orc:2    | Bought a scroll of revelation for 135 gold pieces
 28936 | Orc:2    | Bought the ring "Lapsaagi" {rF+ rN++ Will+ rCorr Str+3} for
                  | 859 gold pieces
 28936 | Orc:2    | Bought a +5 ring of evasion for 504 gold pieces
 29310 | D:12     | Noticed Erolcha
 29315 | D:12     | Killed Erolcha
 29316 | D:12     | Reached skill level 1 in Dodging
 29375 | D:12     | Found Geriyz's General Store.
 29437 | D:12     | Noticed Nergalle
 29447 | D:12     | Killed Nergalle
 29548 | D:12     | Noticed Jorgrun
 29598 | D:12     | Killed Jorgrun
 30305 | D:13     | Reached XP level 15. HP: 134/134 MP: 24/24
 30420 | D:13     | Identified the +0 chain mail of Egalitarianism {Stlth+}
 31199 | D:14     | Noticed Lodul
 31208 | D:14     | Killed Lodul
 31212 | D:14     | Noticed Snorg
 31917 | D:14     | Reached skill level 10 in Polearms
 32636 | D:14     | Killed Snorg
 32974 | Abyss:2  | Cast into level 2 of the Abyss (a wizard)
 32979 | D:14     | Escaped the Abyss
 33147 | D:14     | Found a gate to the Vaults.
 33276 | D:15     | Entered Level 15 of the Dungeon
 33296 | D:15     | Reached skill level 5 in Dodging
 33823 | D:15     | Found a staircase to the Depths.
 33823 | D:15     | Noticed a fire giant
 34359 | D:15     | Found a corrupted altar of Lugonu.
 35131 | D:8      | Killed Erica
 35264 | D:7      | Killed Jeremiah
 35462 | D:3      | Killed Aneyh's ghost
 35764 | Orc:2    | Bought an amulet of regeneration for 330 gold pieces
 35961 | Snake:1  | Entered Level 1 of the Snake Pit
 36518 | Snake:1  | Reached XP level 16. HP: 145/145 MP: 26/26
 37689 | Snake:2  | Found Zeoxut's Book Shoppe.
 37694 | Snake:2  | Found Vucecuv's Assorted Antiques.
 39141 | Snake:3  | Noticed Roxanne
 39733 | Snake:4  | Entered Level 4 of the Snake Pit
 39815 | Snake:4  | Found a transporter.
 39817 | Snake:4  | Found a transporter.
 40125 | Snake:4  | Found a transporter.
 40172 | Snake:4  | Reached skill level 10 in Shields
 40196 | Snake:4  | Found a transporter.
 40523 | Snake:4  | Found a transporter.
 40526 | Snake:4  | Found a transporter.
 41504 | Snake:4  | Reached XP level 17. HP: 155/155 MP: 27/27
 42379 | Snake:4  | Reached skill level 10 in Dodging
 42544 | Snake:4  | Got a serpentine rune of Zot
 42894 | Orc:2    | Bought a ring of flight for 245 gold pieces
 43069 | Shoals:1 | Entered Level 1 of the Shoals
 43128 | Shoals:1 | Identified the +1 arbalest "Miewk" {speed, rPois}
 43253 | Shoals:1 | Found a bloodstained altar of Trog.
 43258 | Shoals:1 | Noticed a kraken
 43420 | Shoals:1 | Found Ulasog's Antique Weapon Emporium.
 43460 | Shoals:1 | Noticed a kraken
 43496 | Shoals:1 | Killed a kraken
 43553 | Shoals:1 | Noticed a kraken
 43688 | Shoals:1 | Noticed a kraken
 43938 | Shoals:1 | Identified the +5 glaive "Jonomnoh" {spect, rPois Str+4
                  | Int+2}
 44635 | Shoals:2 | Found Beowulf's Dragon-Slaying Spoils.
 46773 | D:12     | Bought a +2 cloak for 247 gold pieces
 46851 | Vaults:1 | Entered Level 1 of the Vaults
 47597 | Vaults:1 | Identified the +6 arbalest of Context {heavy, rN++ Int-3
                  | Dex+2 SInv}
 47746 | Vaults:1 | Reached XP level 18. HP: 161/161 MP: 28/28
 48254 | Vaults:1 | Identified the +0 robe of the Sky {rElec rC+ Will+}
 48710 | Vaults:1 | Reached skill level 15 in Armour
 48813 | Vaults:2 | Paralysed by a formless jellyfish for 1 turns
 48991 | Vaults:2 | Found a runed translucent gate.
 48991 | Vaults:2 | Found a runed translucent gate.
 48991 | Vaults:2 | Found a runed translucent gate.
 48993 | Vaults:2 | Noticed quinnr's ghost (adept TeAE)
 49082 | Vaults:2 | Reached skill level 16 in Armour
 49328 | Vaults:2 | Found Doty's Weapon Shop.
 49391 | Vaults:2 | Reached skill level 17 in Armour
 51622 | Vaults:3 | Noticed a bone dragon
 51902 | Vaults:3 | Reached XP level 19. HP: 145/171 MP: 29/29
 52359 | Vaults:3 | Found Ingeinn's Assorted Antiques.
 53528 | Vaults:3 | Found a staircase to the Crypt.
 53774 | D:11     | Identified the +1 trident "Haykofurgh" {speed, rF+ rC+}
 53827 | D:11     | Reached skill level 15 in Shields
 53860 | D:11     | Identified the +2 arbalest of the Wary Ships {antimagic,
                  | rPois Str+2 Int+4 Dex+4}
 54190 | Shoals:4 | Entered Level 4 of the Shoals
 54262 | Shoals:4 | Found Rebip's Assorted Antiques.
 54976 | Shoals:4 | Found Pyemp's Book Boutique.
 55266 | Shoals:4 | Identified the amulet of Eternal Harmony {RegenMP rC+
                  | Str+3}
 55330 | Shoals:4 | Found Bualleet's Assorted Antiques.
 55536 | Shoals:4 | Found Seusy's General Store.
 55567 | Shoals:4 | Got a barnacled rune of Zot
 56157 | Vaults:4 | Paralysed by a formless jellyfish for 1 turns
 56512 | Vaults:4 | Reached XP level 20. HP: 165/185 MP: 30/30
 57042 | Vaults:4 | Identified the +0 orcbow "Faommaadd" {antimagic, Will+}
 57628 | Vaults:4 | Acquired 953 gold pieces
 57989 | Shoals:2 | Bought the +8 pearl dragon scales "Gaig" {rN+ Int+3} for
                  | 1742 gold pieces
 58867 | Elf:1    | Entered Level 1 of the Elven Halls
 59418 | Elf:1    | Noticed Frances
 59459 | Elf:1    | Killed Frances
 59566 | Elf:1    | You fall into a shaft and drop 1 floor!
 60007 | Elf:2    | Identified the +3 pair of gloves "Cooshaam" {Slay+5}
 60007 | Elf:2    | Noticed Nikola
 60411 | Elf:2    | Killed Nikola
 60460 | Elf:2    | Found a runed translucent gate.
 60460 | Elf:2    | Found a runed translucent gate.
 60460 | Elf:2    | Found a runed translucent gate.
 60577 | Elf:2    | Found Seggycvorenu's Self-Improvement Boutique.
 61546 | Elf:3    | Entered Level 3 of the Elven Halls
 62786 | Elf:3    | Reached XP level 21. HP: 174/192 MP: 32/32
 62896 | Abyss:3  | Cast into level 3 of the Abyss (a deep elf sorcerer)
 62904 | Abyss:3  | Found a corrupted altar of Lugonu.
 62920 | Abyss:3  | Reached skill level 15 in Invocations
 63061 | Elf:3    | Escaped the Abyss
 63686 | Elf:3    | Identified the +1 quick blade of Haamifef {elec, rElec
                  | Int-4 Dex+5}
 64217 | Elf:3    | Identified the +7 long sword of Equilibrium {flame, Str+3}
 64217 | Elf:3    | Identified the amulet "Lenici" {Faith rN+}
 64473 | Elf:3    | Identified the ring "Seovorybb" {Fire Int+3}
 65243 | Elf:3    | Identified the +0 plate armour of the Great Game {-Cast
                  | rCorr Dex+5 Slay-5}
 65330 | Elf:3    | Identified the +4 shortbow of True Grit {drain, Dex+2}
 65726 | Depths:1 | Entered Level 1 of the Depths
 66777 | Depths:1 | Reached skill level 18 in Armour
 67098 | Depths:1 | Found a one-way gate leading to the halls of Pandemonium.
 67183 | Depths:1 | Found a sparkling altar of Nemelex Xobeh.
 67476 | Depths:2 | Found a one-way gate to the infinite horrors of the Abyss.
 67545 | Depths:2 | Reached XP level 22. HP: 187/202 MP: 34/34
 67746 | Depths:2 | Reached skill level 19 in Armour
 67953 | Depths:2 | Found a gateway to Hell.
 68045 | Depths:2 | Noticed Boris
 68236 | Depths:1 | Found a one-way gateway to a ziggurat.
 68236 | Depths:1 | Noticed a dread lich
 68269 | Depths:1 | Found a portal to a secret trove of treasure.
 68284 | Depths:1 | You paid a toll of 6 scrolls of fear to enter a treasure
                  | trove
 68285 | Trove    | Entered a treasure trove
 68290 | Trove    | Found the +0 mask of the Dragon {Will+ Slay+3 SInv}
 68297 | Trove    | Identified the +10 mace "Siawy" {heavy, *Corrode Str+3
                  | Int+2}
 68418 | Depths:2 | Killed Boris
 68491 | Depths:2 | Reached skill level 15 in Fighting
 69015 | Depths:2 | Found the +0 toga "Victory" {*Victory Clar}
 69042 | Depths:2 | Found a radiant altar of Vehumet.
 69063 | Depths:2 | Identified the +1 robe of Loss {*Slow rElec Regen+ Dex+2}
 69077 | Depths:2 | Identified the +0 robe of the Quahog {Harm Str+3}
 69093 | Depths:2 | Identified the +1 hat "Umiupehe" {Fly SInv}
 69430 | Depths:2 | Reached skill level 20 in Armour
 69600 | Depths:3 | Found a magical portal.
 69624 | WizLab   | Entered Maxwell's Workshop
 69928 | WizLab   | Identified the +7 quarterstaff "Tattletale" {heavy, Will+
                  | Int+2 SInv}
 69929 | WizLab   | Identified the +3 robe of Pacvidee {Archmagi}
 70007 | WizLab   | Identified the ring "Zaduadd" {Fire Will++ Dex+3}
 70023 | WizLab   | Identified the ring "Ojiaps" {Fire *Corrode rPois rN+
                  | Int+2}
 70091 | WizLab   | Identified the ring "Sokiatah" {Fire rElec rPois}
 70195 | WizLab   | Identified the ring "Tijorea" {Fire *Slow rElec Will-
                  | Slay+6}
 70196 | WizLab   | Identified the ring of Iril {Fire rPois}
 70447 | Depths:3 | Found a sacrificial altar of Ru.
 70803 | Depths:4 | Entered Level 4 of the Depths
 71005 | Depths:4 | Reached skill level 21 in Armour
 71368 | Depths:4 | Reached XP level 23. HP: 212/212 MP: 35/35
 71438 | Depths:4 | Found a gate to the Realm of Zot.
 71758 | Depths:4 | Noticed a juggernaut
 71772 | Depths:4 | Killed a juggernaut
 72208 | Depths:4 | Identified the +0 helmet of Bikluv {*Corrode Str+3 Int+3}
 72456 | Depths:4 | Upgraded the game from 0.31-a0-795-g5eb97db20b to
                  | 0.31-a0-799-g6bc09d010c
 72778 | Crypt:1  | Entered Level 1 of the Crypt
 73238 | Crypt:1  | Noticed Zenata
 73252 | Crypt:1  | Killed Zenata
 74865 | Crypt:1  | Got a glossy book
 75012 | Crypt:2  | Noticed Khufu
 75581 | Crypt:2  | Killed Khufu
 75828 | Crypt:3  | Entered Level 3 of the Crypt
 76214 | Crypt:3  | Found an ancient bone altar of Kikubaaqudgha.
 76529 | Crypt:3  | Identified the amulet "Esokowis" {rF+ Regen+}
 76529 | Crypt:3  | Identified the ring "Plog" {rElec rN+ Dex+3}
 76529 | Crypt:3  | Identified the ring of Waumuf {rN+ Str+2 Dex+3 Stlth+}
 76582 | Crypt:3  | Got a strange book
 76651 | Crypt:3  | Reached XP level 24. HP: 221/224 MP: 36/36
 76815 | Crypt:3  | Identified the +3 leather armour "Deusiqyve" {rC- Regen+
                  | Dex+3}
 77268 | Crypt:3  | Found a staircase to the Tomb.
 77268 | Crypt:3  | Noticed a royal mummy
 77281 | Crypt:3  | Killed a royal mummy
 77664 | Vaults:5 | Entered Level 5 of the Vaults
 77829 | Vaults:5 | Noticed Margery
 78021 | Vaults:5 | Noticed a dread lich
 78128 | Vaults:5 | Identified the ring "Moezaluz" {rElec rCorr Int+6 Dex-2
                  | SInv}
 78220 | Vaults:5 | Identified the +9 short sword "Ikyenuf" {heavy, Str+3}
 78229 | Vaults:5 | Paralysed by an ogre mage for 5 turns
 78270 | Vaults:5 | Noticed a dread lich
 78281 | Vaults:5 | Killed a dread lich
 78770 | Vaults:5 | Killed Margery
 79040 | Vaults:5 | Reached skill level 15 in Dodging
 79259 | Vaults:5 | Identified the +3 glaive of Execution {heavy, Contam rF+++
                  | rC++}
 79438 | Vaults:5 | Identified the +7 orcbow "Cozost" {flame, Dex+6}
 79582 | Vaults:5 | Reached XP level 25. HP: 136/240 MP: 37/37
 79625 | Vaults:5 | Identified the +1 leather armour "Vefemove" {Will++ Str-5
                  | Dex+8}
 79735 | Vaults:5 | Found the +1 cloak of Starlight {*Dazzle EV+4 Stlth--}
 79934 | Vaults:5 | Got a silver rune of Zot
 79983 | Vaults:5 | Killed a dread lich
 80802 | Shoals:4 | Bought a potion of resistance for 340 gold pieces
 80802 | Shoals:4 | Bought a potion of curing for 102 gold pieces
 80802 | Shoals:4 | Bought a scroll of fog for 136 gold pieces
 80802 | Shoals:4 | Bought a scorched scarf for 340 gold pieces
 80802 | Shoals:4 | Identified the scarf of the Great Game {harm, rC+ SInv}
                  | (You bought it in a shop on level 4 of the Shoals)
 80969 | Snake:2  | Bought a scroll of acquirement for 1404 gold pieces
 80969 | Snake:2  | Bought a potion of curing for 81 gold pieces
 80969 | Snake:2  | Bought a scroll of revelation for 202 gold pieces
 80971 | Snake:2  | Acquired 996 gold pieces
 81201 | Orc:2    | Bought a scroll of silence for 171 gold pieces
 81560 | Zot:1    | Entered Level 1 of the Realm of Zot
 82147 | Zot:2    | Reached skill level 22 in Armour
 82461 | Zot:5    | Entered Level 5 of the Realm of Zot
 83097 | Zot:5    | Noticed an ancient lich
 83140 | Zot:5    | Killed an ancient lich
 83347 | Zot:5    | Noticed a dread lich
 83375 | Zot:5    | Paralysed by a dread lich for 4 turns
 83400 | Zot:5    | Killed a dread lich
 83512 | Zot:5    | Noticed an orb of fire
 83538 | Zot:5    | Killed an orb of fire
 83539 | Zot:5    | Reached skill level 23 in Armour
 83803 | Zot:5    | Noticed a Killer Klown
 83804 | Zot:5    | Noticed a dread lich
 83828 | Zot:5    | Killed a dread lich
 83871 | Zot:5    | Killed a Killer Klown
 83919 | Zot:5    | Noticed a Killer Klown
 83945 | Zot:5    | Killed a Killer Klown
 83960 | Zot:5    | Noticed a dread lich
 83992 | Zot:5    | Killed a dread lich
 84059 | Zot:5    | Noticed an orb of fire
 84292 | Zot:5    | Noticed a Killer Klown
 84292 | Zot:5    | Noticed an orb of fire
 84345 | Zot:5    | Noticed a Killer Klown
 84369 | Zot:5    | Noticed a Killer Klown
 84378 | Zot:5    | Killed a Killer Klown
 84399 | Zot:5    | Killed a Killer Klown
 84404 | Zot:5    | Killed an orb of fire
 84492 | Zot:5    | Reached XP level 26. HP: 256/256 MP: 33/37
 84682 | Zot:5    | Reached skill level 24 in Armour
 84790 | Zot:5    | Got the Orb of Zot
 85020 | Depths:4 | Noticed Timn the pandemonium lord
 85044 | Depths:2 | Noticed Feop the pandemonium lord
 85462 | D:$      | Escaped with the Orb!

Illustrated notes

Levels and vault maps discovered:
D:1:      dpeg_arrival_chambers_temple_mockup, layout_rooms,
          hellmonk_ecumenical_altar_inner_sanctum
D:2:      layout_loops_ring, minmay_pentomino_u4, uniq_terence, uniq_sigmund,
          uniq_natasha, uniq_jessica
D:3:      layout_rooms, ebering_ghost_rock_garden, minmay_hedge_maze
D:4:      layout_cave_pods, minmay_temple_entry_statues_fountains,
          cheibrodos_sewer_entry_bend
D:5:      layout_gridville, lemuel_doored_altar, uniq_prince_ribbit1,
          uniq_duvessa, uniq_blork_the_orc, uniq_ijyb
D:6:      layout_cave_pools, minmay_misc_feat_hallway,
          chequers_serial_rivers_large_b, st_stairs_14
D:7:      layout_cave_pods, tso_oasis_becter, serial_shops,
          nicolae_shop_hallway_stairs, minmay_mini_ossuary, uniq_menkaure,
          uniq_jeremiah
D:8:      cheibrodos_iron_armory, layout_basic, trog_wizard,
          serial_bayou_pond_d, uniq_erica
D:9:      layout_gridville, grunt_lair_entry_orc_guard_hut
D:10:     layout_roguey, nicolae_overflow_squiral, orc_0_dummy, uniq_grum
D:11:     minmay_tile_spiral, layout_irregular_city
D:12:     layout_basic, serial_shops, shop, uniq_jorgrun, uniq_erolcha,
          uniq_nergalle
D:13:     layout_gridville
D:14:     layout_long_grid, grunt_vaults_entry_fortified,
          infiniplex_staircase_x, bh_walls_and_bars, uniq_lodul, uniq_snorg
D:15:     grunt_enter_depths_giant_problem, layout_stronghold, minivault_26,
          tgw_lugonu_bribe
Temple:   bh_familiar_temple
Lair:1:   layout_regular_city, grunt_megastairs_1, uniq_urug
Lair:2:   layout_misc_corridors, minmay_shoals_entry_lonely_mermaid
Lair:3:   layout_chaotic_city, nicolae_snake_entry_warm_welcome,
          nicolae_volcano_entry_lava_flow, minivault_24
Lair:4:   layout_layer_cave, dpeg_slime_entry_corner, st_stairs_7,
          nicolae_lair_grove_arrangements, lemuel_fruit_tree, grunt_megastairs_3
Lair:5:   gammafunk_lair_ancient_temple, layout_layer_cave,
          kilobyte_rumbling_trees
Shoals:1: nicolae_shoals_lighthouse, layout_shoals, serial_shops,
          nicolae_shop_tiny_real_fake_doors, wheals_shoals_ruined_temple
Shoals:2: layout_shoals, nicolae_shop_dragon_depot,
          nicolae_shoals_nymph_descending_staircase
Shoals:3: layout_shoals
Shoals:4: shoals_end_grunt_ice, layout_shoals, serial_shops, shop, shop, shop,
          shop
Snake:1:  layout_onion_interference, nicolae_snake_round_shape_thing,
          grunt_ministairs_2, st_stairs_11
Snake:2:  layout_chambers, grunt_megastairs_2, serial_bayou_shore_b,
          minmay_shop_star
Snake:3:  layout_rooms, serial_corexii_hall, corexii_hall_statues_u,
          corexii_hall_statues_i, nicolae_triple_integral, uniq_roxanne
Snake:4:  minmay_snake_end_coiled, layout_cave_town, serial_nicolae_subway,
          nicolae_sub_station_stone, nicolae_sub_station_metal,
          nicolae_sub_station_crystal
Orc:1:    layout_caves, basic_altar
Orc:2:    st_orc_pillars, layout_diamond_mine, serial_shops,
          nicolae_shop_real_fake_doors, hellmonk_guarded_unrand_dark_maul
Elf:1:    eino_elf_arrival_the_gate, layout_geoelf_octagon,
          hangedman_elf_disciples, drop_trap, guppyfry_library_mini,
          uniq_frances
Elf:2:    elven_hall_of_blades_hangedman_original [grunt_blade_entry_basic],
          layout_gridlike, nicolae_shop_self_help, uniq_nikola
Elf:3:    minmay_elf_hall_dome, layout_loops_corners
Vaults:1: nicolae_vaults_little_squares_5, nicolae_vaults_closet_pinwheel_6,
          nicolae_vaults_surprise_closet, nicolae_vaults_yaktaur_gun_rack,
          v_alt_pattern_2, serial_ice_m, layout_vaults_big_room
Vaults:2: gammafunk_ghost_necromancy, vaults_room_boxed,
          nicolae_vaults_cornered_office, nicolae_vaults_meiosis,
          hangedman_vaults_variations, grunt_vaults_diagonal, v_rooms_6,
          v_misc_15, nicolae_vaults_arrows, vaults_mumra_lcd,
          nicolae_vaults_storage_room_doors, layout_vaults_maze, serial_shops,
          nicolae_shop_pleasant_corner_grove
Vaults:3: minmay_crypt_entry_nasty_monster, nicolae_vaults_little_squares_3,
          nicolae_vaults_murder_corner, v_pattern_2,
          nicolae_vaults_network_square, v_rooms_1, nicolae_vaults_alarming,
          hangedman_vaults_cutoff, nicolae_vaults_wine_cellar,
          nicolae_vaults_diamond_1, nicolae_vaults_tetromino_Z_1,
          ontoclasm_vaults_ring_large, serial_ice_g, layout_vaults_omnibox,
          serial_shops, nicolae_shop_back_alley_shop
Vaults:4: nicolae_vaults_steering_wheel, hangedman_vaults_unwind,
          nicolae_vaults_door_testing_chamber, hangedman_vaults_slither,
          v_misc_24, nicolae_vaults_little_squares_3, v_alt_pattern_6,
          ontoclasm_vaults_chip, nicolae_vaults_little_squares_3,
          vaults_dpeg_encased_lava, layout_vaults_omnigrid
Vaults:5: uniq_margery
Crypt:1:  layout_basic, special_room [special_room_morgue], uniq_zenata
Crypt:2:  layout_gridlike, uniq_khufu
Crypt:3:  grunt_crypt_end_deaths_head
Depths:1: nooodl_heptagram, layout_long_grid, enter_ziggurat_c,
          rand_demon_pan_entry_1, enter_trove_3, hell_entry,
          nemelex_lonely_heart_becter
Depths:2: hangedman_screamer, layout_cave_pools, grunt_hell_horde,
          kennysheep_donut, pan_entry, hangedman_abyss_entry_splay,
          grunt_tower_of_power, infiniplex_staircase_diamond
Depths:3: nicolae_cairo_tiling, layout_basic, nicolae_ru_sacrificial_ziggurat,
          abyss_entry, lightli_enter_wizlab_magi_temple, hell_entry
Depths:4: grunt_bruiser_brothers, layout_long_grid, hell_entry
Zot:1:    layout_basic
Zot:2:    layout_concentric_octagons
Zot:3:    layout_basic, grunt_ministairs_2, grunt_megastairs_5
Zot:4:    layout_misc_corridors
Zot:5:    layout_basic, hangedman_zot_decor_tridents, st_stairs_8

Skill      XL: |  1  2  3  4  5  6  7  8  9 10 11 12 13 14 15 16 17 18 19 20 21 22 23 24 25 26 |
---------------+-------------------------------------------------------------------------------+-----
Maces & Flails | 2 3 4 5 6 8 10 12 | 12.1
Armour         | 4 7 10 12 14 17 18 21 23 24 | 24.4
Invocations    | 1 2 4 6 8 10 12 13 14 16 17 19 21 | 21.0
Fighting       | 3 4 6 7 9 10 11 13 14 15 16 18 20 21 | 21.0
Evocations     | 3 4 |  4.0
Shields        | 5 7 10 12 13 16 17 19 | 19.0
Polearms       | 3 9 10 11 12 14 | 14.0
Dodging        | 2 6 9 11 13 14 15 | 15.5

Action                     |  1- 3 |  4- 6 |  7- 9 | 10-12 | 13-15 | 16-18 | 19-21 | 22-24 | 25-27 || total
---------------------------+-------+-------+-------+-------+-------+-------+-------+-------+-------++-------
  Melee: Flail             |    72 |    81 |       |     5 |       |       |       |       |       ||   158
         Tailslap          |     9 |    27 |    34 |   112 |   254 |   348 |   461 |   800 |   292 ||  2337
         Club              |       |    85 |   243 |   328 |       |       |       |       |       ||   656
         Whip              |       |       |       |    52 |       |       |       |       |       ||    52
         Dire flail        |       |       |       |   220 |   320 |       |       |       |       ||   540
         Trident           |       |       |       |       |  1135 |  2100 |  2392 |  2999 |  1074 ||  9700
  Throw: Dart              |       |     2 |    14 |    15 |     5 |     1 |       |       |       ||    37
 Invoke: Recite            |       |     1 |     8 |     9 |    44 |    12 |    10 |    11 |     3 ||    98
         Vitalisation      |       |       |     2 |     1 |     2 |     3 |     9 |     9 |     6 ||    32
         Sanctuary         |       |       |       |       |       |       |     1 |       |       ||     1
  Evoke: Wand              |       |     2 |    11 |    20 |    20 |     6 |     9 |     2 |     4 ||    74
         Phantom mirror    |       |       |       |       |       |     2 |     2 |     1 |     1 ||     6
         Lightning rod     |       |       |       |       |       |       |       |     2 |       ||     2
         Phial of floods   |       |       |       |       |       |       |       |       |     1 ||     1
    Use: Potion            |     2 |       |     3 |     6 |     5 |     5 |     4 |    11 |    10 ||    46
         Scroll            |       |    12 |    10 |     8 |     8 |     5 |    13 |    11 |    10 ||    77
   Stab: Distracted        |       |       |     5 |     2 |       |       |     2 |       |       ||     9
         Paralysed         |       |       |     3 |    23 |    40 |    13 |     6 |     4 |       ||    89
         Confused          |       |       |       |     2 |    11 |     9 |    13 |     3 |     2 ||    40
         Invisible         |       |       |       |     2 |    12 |     3 |       |     4 |    12 ||    33
         Petrifying        |       |       |       |       |       |       |     1 |       |       ||     1
 Armour: Scale mail        |    32 |       |       |       |       |       |       |       |       ||    32
         Plate armour      |    25 |   139 |   188 |   134 |       |       |       |       |       ||   486
         Chain mail        |       |       |       |   418 |   992 |  1048 |   378 |       |       ||  2836
         Pearl dragon scal |       |       |       |       |       |       |   350 |  1004 |   356 ||  1710
  Dodge: Dodged            |     9 |    26 |    31 |   114 |   451 |   835 |   645 |   895 |   279 ||  3285
  Block: Buckler           |    11 |    33 |    47 |    65 |   255 |    28 |       |       |       ||   439
         Kite shield       |       |       |       |       |       |   864 |    48 |       |       ||   912
         Tower shield      |       |       |       |       |       |       |  1311 |  2160 |   728 ||  4199

Table legend: (Time is in decaauts)
 A = Elapsed time spent in this place.
 B = Non-inter-level travel time spent in this place.
 C = Inter-level travel time spent in this place.
 D = Time resting spent in this place.
 E = Time spent auto-exploring this place.
 F = Levels seen in this place.
 G = Mean time per level.
                   A        B        C        D        E       F      G
               +--------+--------+--------+--------+--------+-----+--------+
         Total |  82994 |  74775 |   8219 |  23103 |  27113 |  57 | 1456.0 |
       Dungeon |  22201 |  18637 |   3564 |   5253 |   8420 |  15 | 1480.1 |
        Temple |      1 |      1 |      0 |      0 |      0 |   1 |    1.0 |
          Lair |  10817 |   9941 |    876 |   3843 |   3607 |   5 | 2163.4 |
        Shoals |   5425 |   4806 |    619 |    922 |   1989 |   4 | 1356.2 |
     Snake Pit |   6590 |   6297 |    293 |   1559 |   2408 |   4 | 1647.5 |
  Orcish Mines |   4627 |   3970 |    657 |   1956 |   1055 |   2 | 2313.5 |
   Elven Halls |   6283 |   6075 |    208 |   2934 |   1683 |   3 | 2094.3 |
        Vaults |  11653 |  10507 |   1146 |   2579 |   4033 |   5 | 2330.6 |
         Crypt |   3726 |   3412 |    314 |    540 |   1250 |   3 | 1242.0 |
        Depths |   5896 |   5400 |    496 |   1041 |   2363 |   4 | 1474.0 |
           Zot |   3055 |   3013 |     42 |   1224 |      0 |   5 |  611.0 |
         Abyss |    146 |    146 |      0 |      2 |      0 |   2 |   73.0 |
         Trove |     45 |     45 |      0 |      0 |      0 |   1 |   45.0 |
         Sewer |    318 |    318 |      0 |     61 |    106 |   1 |  318.0 |
       Volcano |   1577 |   1577 |      0 |   1065 |     26 |   1 | 1577.0 |
        Wizlab |    627 |    627 |      0 |    118 |    173 |   1 |  627.0 |
               +--------+--------+--------+--------+--------+-----+--------+

Top non-repeatable levels by time:
   Elf:3: 3636 daAuts
   Orc:2: 3505 daAuts
 Snake:4: 2840 daAuts
Vaults:2: 2771 daAuts
    D:11: 2683 daAuts
  Lair:5: 2622 daAuts
  Lair:3: 2574 daAuts
    D:14: 2513 daAuts
Vaults:3: 2434 daAuts
Vaults:4: 2237 daAuts
  Lair:1: 2175 daAuts
Vaults:1: 2130 daAuts
Vaults:5: 2080 daAuts
   Zot:5: 2047 daAuts
    D:15: 1914 daAuts
